 Dungeon Crawl Stone Soup version 0.20-a0-208-g55166f7 (webtiles) character file.

39 deepsabbath the Firebug (level 3, 0/19 HPs)
             Began as a Deep Elf Fire Elementalist on Nov 25, 2016.
             Succumbed to an adder's poison
             ... on level 2 of the Dungeon.
             The game lasted 00:05:51 (2042 turns).

deepsabbath the Firebug (DEFE)                      Turns: 2042, Time: 00:05:52

Health: 0/19       AC:  3    Str:  4 (6)  XL:     3   Next: 28%
Magic:  9/9        EV: 11    Int: 17 (19) God:
Gold:   120        SH:  0    Dex: 12 (15) Spells: 7/8 levels left

rFire  . . .     SeeInvis .     d - +2 mace
rCold  . . .     Gourm    .     g - +0 leather armour
rNeg   . . .     Faith    .     (no shield)
rPois  .         Spirit   .     (no helmet)
rElec  .         Reflect  .     (no cloak)
rCorr  .         Harm     .     (no gloves)
MR     .....                    (no boots)
Stlth  ++........               (no amulet)
                                (no ring)
                                (no ring)

@: lethally poisoned (0 -> -3)
A: no striking features
a: no special abilities


You were on level 2 of the Dungeon.
You were not hungry.

You visited 1 branch of the dungeon, and saw 2 of its levels.

You collected 120 gold pieces.

Inventory:

Hand Weapons
 d - a +2 mace (weapon)
   (You found it on level 1 of the Dungeon)
Missiles
 e - 64 stones (quivered)
Armour
 a - a +0 robe
 g - a +0 leather armour (worn)
   (You found it on level 1 of the Dungeon)
Scrolls
 k - a scroll of remove curse {unknown}
 m - a scroll of amnesia {unknown}
 q - a scroll of recharging {unknown}
Potions
 i - a potion of haste
 n - a potion of degeneration {!q}
 o - a potion of mutation {unknown}
 p - a potion of cure mutation {unknown}
Books
 b - a book of Flames
Comestibles
 c - 2 bread rations {@e1}
 f - a royal jelly
 j - a slice of pizza
 l - 4 fruits


   Skills:
 * Level 2.1 Maces & Flails
 - Level 2.4 Dodging
 - Level 2.4 Stealth
 - Level 3.0 Spellcasting
 - Level 1.1 Conjurations
 - Level 3.2 Fire Magic


You had 7 spell levels left.
You knew the following spells:

 Your Spells              Type           Power        Failure   Level  Hunger
a - Flame Tongue          Conj/Fire      ##...        17%         1    None


Dungeon Overview and Level Annotations

Branches:
Dungeon (2/15)

Altars:

Annotations:
D:1 exclusion: kobold


Message History

You hit the kobold.
You kill the kobold!
No target in view!
No target in view!
e - 66 stones (gained 1)
Things that are here:
a short sword; a kobold corpse
There is a stone staircase leading down here.
You climb downwards.
Found an emerald potion and 24 arrows.
Found a stone staircase leading down.
There is a stone staircase leading up here.
Found a stone staircase leading up.
n - an emerald potion
There is a stone staircase leading up here.
You see here 24 arrows.
o - a purple potion
p - a sedimented pink potion An adder comes into view.
The adder hisses angrily.
You see here a scroll labeled OHIPIOSOPUM.
Okay, then.
As you read the scroll of enchant weapon, it crumbles to dust.
Your +1 mace glows red for a moment.
The adder barely misses you.
You miss the adder. The adder bites you but does no damage.
You miss the adder. The adder completely misses you.
The adder closely misses you.
You hit the adder. The adder bites you.
You are poisoned.
The adder poisons you! The adder barely misses you.
You take 1 damage, and have 18/19 hp.
You hit the adder.
You feel sick. The adder bites you but does no damage.
You take 1 damage, and have 17/19 hp.
You barely miss the adder. The adder bites you.
The adder bites you but does no damage.
You take 1 damage, and have 16/19 hp.
You barely miss the adder.
You feel sick. The adder closely misses you. x2
You take 1 damage, and have 15/19 hp.
You hit the adder.
You kill the adder!
You start resting.
You feel sick. x3
You are no longer poisoned.
You take 3 damage, and have 12/19 hp.
You see here an adder corpse.
You butcher the adder corpse.
You are feeling very hungry.
h - 2 chunks of flesh {@w0} Eating one of 2 chunks of flesh {@w0}.
You start eating one of the 2 chunks of flesh {@w0}.
You start resting.
Health restored: 19
c - 2 bread rations {@e1} (gained 1)
q - a scroll labeled OHIPIOSOPUM
Okay, then.
n - 2 emerald potions (gained 1)
A hobgoblin comes into view.
You see here 12 gold pieces.
You now have 120 gold pieces (gained 12).
You are feeling hungry.
Eating a chunk of flesh {@w0}.
You start eating the chunk of flesh {@w0}.
The adder is too close now for your liking.
The adder hisses angrily.
Aim: an adder You throw a stone.
The stone misses the adder.
Aim: an adder You throw a stone.
The stone misses the adder.
You sock the adder! The adder barely misses you.
The adder bites you but does no damage.
You closely miss the adder. The adder closely misses you. The adder bites you.
You take 2 damage, and have 17/19 hp.
You closely miss the adder. The adder barely misses you.
The adder bites you but does no damage.
You completely miss the adder. The adder bites you.
You are poisoned.
The adder poisons you!
You take 1 damage, and have 16/19 hp.
You hit the adder.
You feel sick. The adder closely misses you. The adder misses you.
You take 1 damage, and have 15/19 hp.
You closely miss the adder. The adder bites you. The adder closely misses you.
You take 1 damage, and have 14/19 hp.
You hit the adder but do no damage.
You feel sick. The adder bites you.
You take 4 damage, and have 10/19 hp.
MASSIVE DAMAGE!!
You hit the adder but do no damage. The adder completely misses you.
The adder bites you.
You take 1 damage, and have 9/19 hp.
You miss the adder. The adder bites you.
* * * LOW HITPOINT WARNING * * *
The adder bites you.
* * * LOW HITPOINT WARNING * * *
You take 8 damage, and have 1/19 hp.
MASSIVE DAMAGE!!
It was a potion of degeneration.
There was something very wrong with that liquid.
You feel weakened.
You feel dopey.
You feel clumsy.
You die...

#.................#
#..##############.# ##..# #.#
##...# #.# ...#.#
##.#############
##.#.#############...............
#.#.##..........#..#############
#.#.##.########.#..#<.......<..#
##.#.##.#......#@#..#...........(
...#.##.#.####.#S#..#.#...#...#.#
...#.##.#....#.#.#..#.#.........#
...............(............>...#
...............#.#..#.#..##.###.#
.#.#########S###.#..# #..... ..#
.#.#.......#.# #.# .# #. ### ###
.#.#.#.......# #(# .# . .
.#.#.#.....S.# #.# #


You could see an adder.

Vanquished Creatures
  An adder (D:2)
  A leopard gecko (D:1)
  A ball python (D:1)
  7 bats (D:1)
  2 giant cockroaches (D:1)
  4 goblins (D:1)
  2 hobgoblins (D:1)
  3 jackals (D:1)
  4 kobolds (D:1)
  4 rats (D:1)
29 creatures vanquished.

Notes
Turn   | Place    | Note
-------+----------+-------------------------------------------
     0 | D:1      | deepsabbath the Deep Elf Fire Elementalist began the quest for the Orb.
     0 | D:1      | Reached XP level 1. HP: 10/10 MP: 6/6
   170 | D:1      | HP: 2/10 [hobgoblin/club (1)]
   305 | D:1      | HP: 2/10 [ball python (1)]
   651 | D:1      | Reached skill level 1 in Maces & Flails
   786 | D:1      | Reached XP level 2. HP: 12/15 MP: 8/8
  1704 | D:1      | Reached XP level 3. HP: 19/19 MP: 9/9
  1718 | D:1      | Reached skill level 2 in Maces & Flails
  2041 | D:2      | HP: 1/19 [adder (4)]
  2042 | D:2      | Succumbed to an adder's poison

Vault maps used:
D:1:      dpeg_arrival_three_same_balls
D:2:      first_bread

Skill      XL: |  1  2  3 |
---------------+----------+-----
Maces & Flails | 1 2 |  2.1
Dodging        | |  2.4
Stealth        | |  2.4
Spellcasting   | |  3.0
Conjurations   | |  1.1
Fire Magic     | |  3.2

Action                   || total
-------------------------++-------
Melee: Mace              ||   117
Throw: Stone             ||    72
  Use: Potion            ||     2
       Scroll            ||     2
  Eat: Chunk             ||     4
Armor: Leather armour    ||    44
Dodge: Dodged            ||   111

Vault maps used:
D:1:      dpeg_arrival_three_same_balls
D:2:      first_bread

Table legend:
 A = Turns spent in this place as a percentage of turns spent in the entire game.
 B = Non-inter-level travel turns spent in this place as a percentage of non-inter-level travel turns spent in the entire game.
 C = Inter-level travel turns spent in this place as a percentage of turns spent in this place.
 D = Turns resting spent in this place as a percentage of non-inter-level travel turns spent in this place.
 E = Turns spent auto-exploring this place as a percentage of non-inter-level travel turns spent in this place.
 F = Non-inter-level travel turns spent in this place divided by the number of levels of this place that you've seen.
                   A       B       C       D       E      F
               +-------+-------+-------+-------+-------+----------------------
         Total | 100.0 | 100.0 |   0.3 |   5.5 |   3.2 | 347.0
       Dungeon | 100.0 | 100.0 |   0.3 |   5.5 |   3.2 | 347.0
               +-------+-------+-------+-------+-------+----------------------

Table legend:
 A = Kills in this place as a percentage of kills in entire the game.
 B = Kills by you in this place as a percentage of kills by you in the entire game.
 C = Kills by friends in this place as a percentage of kills by friends in the entire game.
 D = Other kills in this place as a percentage of other kills in the entire game.
 E = Experience gained in this place as a percentage of experience gained in the entire game.
 F = Experience gained in this place divided by the number of levels of this place that you have seen.
                   A       B       C       D       E      F
               +-------+-------+-------+-------+-------+----------------------
         Total | 100.0 | 100.0 |  -nan |  -nan | 100.0 |  28.5
       Dungeon | 100.0 | 100.0 |  -nan |  -nan | 100.0 |  28.5
               +-------+-------+-------+-------+-------+----------------------
